Map: Acropolis LE

Players

Smeeeger - Winner!

  • Race: Terran Terran
  • League: Platinum
  • Spawn Location: 5:00

A.I. 1 (Harder)

  • Race: Terran Terran
  • Spawn Location: 11:00

VOD

Have the link to the VOD?

Description

Time

  • Played on: July 24, 2019, 10:23 p.m.
  • Length: 8:00
Show
View Real Time Build Order
Export as new Build Order

Smeeeger Terran - Winner!

Build Orders:  

Get SALT Encoding   

  12  0:01  SCV  
  13  0:16  SCV  
  13  0:17  Supply Depot  
  14  0:29  SCV  
  15  0:40  Barracks  
  15  0:43  SCV  
  15  0:46  Refinery  
  16  0:55  SCV  
  17  1:07  SCV  
  18  1:28  Orbital Command  
  18  1:38  Barracks Reactor  
  18  1:39  Command Center  
  18  1:53  SCV  
  19  2:05  SCV  
  20  2:14  Supply Depot  
  20  2:15  Marine x2  
  22  2:17  SCV  
  23  2:24  Barracks  
  23  2:35  Marine x2, SCV  
  26  2:38  Barracks  
  26  2:48  SCV  
  26  2:50  Orbital Command  
  27  2:53  Marine x2  
  29  3:00  SCV  
  30  3:11  Marine x2, Barracks Tech Lab  
  32  3:14  SCV  
  32  3:16  SCV  
  34  3:26  Supply Depot, Factory  
  34  3:30  Barracks Reactor  
  34  3:32  Stimpack  
  34  3:38  Marine x2  
  34  3:39  SCV  
  34  3:40  SCV  
  38  3:49  Supply Depot, Marine  
  38  3:51  SCV  
  38  3:52  SCV  
  41  3:55  Marine  
  41  3:58  Marine  
  43  4:04  SCV x2  
  43  4:07  Marine  
  43  4:08  Marine x2  
  48  4:11  Supply Depot  
  48  4:13  Marine  
  48  4:16  Supply Depot, Marine, SCV  
  51  4:22  Supply Depot  
  51  4:25  Marine  
  51  4:26  Supply Depot, Marine x2  
  54  4:32  Starport  
  54  4:34  Factory Reactor  
  54  4:37  SCV x2  
  56  4:39  Marine  
  56  4:40  Marine  
  56  4:43  Marine  
  56  4:44  Marine  
  60  4:46  Marine  
  60  4:49  SCV x2  
  60  4:52  Supply Depot  
  63  4:57  Marine x2  
  65  5:01  Supply Depot, SCV x2  
  67  5:13  SCV x2  
  69  5:18  Marine x4, Factory Tech Lab  
  73  5:25  SCV  
  73  5:26  Refinery  
  73  5:28  Refinery  
  74  5:33  Combat Shield, Medivac  
  76  5:37  SCV x2  
  78  5:44  Marine x3  
  78  5:45  Marine  
  78  5:49  SCV  
  83  5:55  Marine  
  84  6:01  Marine  
  84  6:02  Marine x2  
  84  6:03  Marine  
  88  6:05  Supply Depot  
  88  6:06  Supply Depot  
  88  6:07  Supply Depot  
  88  6:08  Supply Depot  
  88  6:09  Medivac  
  90  6:13  Marine, Medivac  
  93  6:19  Marine  
  93  6:20  Command Center  
  94  6:26  Marine x2  
  94  6:29  Marine  
  94  6:30  Siege Tank  
  94  6:31  Supply Depot, Marine  
  101  6:37  Marine  
  97  6:40  Supply Depot  
  94  6:48  Engineering Bay, SCV x2  
  94  6:50  Engineering Bay  
  94  6:52  Marine  
  94  6:53  Marine x3  
  100  6:55  Marine  
  100  7:00  SCV  
  102  7:07  Medivac x2  
  106  7:10  Marine x2  
  106  7:11  Marine x2  
Show
View Real Time Build Order
Export as new Build Order

A.I. 1 (Harder) Terran 

Build Orders:  

Get SALT Encoding   

  12  0:00  SCV  
  13  0:13  SCV  
  14  0:18  Supply Depot  
  14  0:25  SCV  
  15  0:40  SCV  
  15  0:42  Barracks  
  16  0:47  Refinery  
  16  0:52  SCV  
  17  1:04  SCV  
  18  1:16  SCV  
  19  1:20  Supply Depot  
  19  1:28  SCV  
  19  1:29  Marine  
  21  1:39  Barracks  
  21  1:42  Orbital Command  
  21  1:48  Refinery, Barracks Tech Lab  
  21  2:05  Factory  
  21  2:06  Marine  
  22  2:21  Supply Depot  
  22  2:25  Marauder  
  22  2:26  Marine  
  25  2:44  Marine  
  25  2:46  Marauder  
  25  2:50  Supply Depot  
  28  2:54  Hellion  
  30  3:02  Marine  
  31  3:07  Marine  
  32  3:20  Marine  
  32  3:25  Marine  
  34  3:29  Supply Depot, Hellion  
  36  3:38  Marine  
  37  3:43  Marine  
  38  3:51  Hellion, SCV  
  41  4:00  Supply Depot  
  41  4:02  Marauder  
  43  4:03  SCV  
  44  4:12  Hellion, Engineering Bay  
  44  4:15  SCV  
  47  4:23  Marauder  
  49  4:27  SCV  
  50  4:34  Hellion  
  52  4:39  SCV  
  53  6:09  Marine, Barracks Tech Lab  
  54  6:12  Factory  
  54  6:14  Ghost Academy, Factory Tech Lab  
  54  6:17  Starport  
  54  6:18  Command Center  
  54  6:20  Starport  
  54  6:23  Supply Depot  
  53  6:27  Marine x2  
  40  6:45  Marine x2  
  31  6:55  Factory Tech Lab  
  31  6:56  Starport Tech Lab x2  
  30  7:02  Marine  
  30  7:03  Marine  
  32  7:20  Marine  
  32  7:21  Marauder  
  29  7:39  Marauder  
  25  7:45  SCV  
Tags
 
League
Platinum
Matchup
TvT
Race
Terran
Replay Pack
SC2 replays
Spawn Locations
Cross Positions
Add a new tag
Caveats
  • Supply blocks, unpowered buildings, or Contaminate may cause inaccurate times.
  • Supply counts are checked every 10 seconds.